 Dungeon Crawl Stone Soup version 0.19-a0-975-gfff5315 (webtiles) character file.

499 Liquid the Insei (level 6, -2/44 HPs)
             Began as a Demonspawn Chaos Knight on July 13, 2016.
             Killed by divine providence
             ... invoked by an orc priest
              (15 damage)
             ... on level 6 of the Dungeon.
             The game lasted 00:09:16 (3119 turns).

Liquid the Insei (Demonspawn Chaos Knight)          Turns: 3119, Time: 00:09:16

Health: -2/44      AC:  5    Str: 12    XL:     6   Next: 94%
Magic:  6/6        EV: 10    Int: 11    God:    Xom [.....*]
Gold:   175        SH:  0    Dex: 15    Spells: 0 memorised, 5 levels left

rFire  . . .     SeeInvis .       - Unarmed
rCold  . . .     Gourm    .     q - +1 scale mail
rNeg   . . .     Faith    .     (no shield)
rPois  .         Spirit   .     (no helmet)
rElec  .         Dismiss  .     r - +0 cloak
rCorr  .         Reflect  .     (no gloves)
SustAt .         Harm     .     (no boots)
MR     .....                    (no amulet)
Stlth  ++........               e - ring of fire
                                f - ring of ice

@: not resistant to hostile enchantments, unstealthy
A: hooves 1, blurry vision 1, deformed body, dopey 1, frail 1, nightstalker 2,
subdued magic 1
a: Renounce Religion


You were on level 6 of the Dungeon.
You worshipped Xom.
You were Xom's teddy bear.
You were hungry.

You visited 1 branch of the dungeon, and saw 6 of its levels.

You collected 224 gold pieces.
You spent 49 gold pieces at shops.

Inventory:

Armour
 p - a +0 shield
 q - a +1 scale mail (worn)
 r - a +0 cloak (worn)
Jewellery
 e - a ring of fire (right hand)
 f - a ring of ice (left hand)
Scrolls
 d - a scroll of identify
 g - a scroll of enchant weapon
 i - 2 scrolls of random uselessness
 k - a scroll of noise
 n - 3 scrolls of remove curse
Potions
 h - 2 potions of curing
 l - 2 potions of flight
 m - a potion of brilliance
 o - a potion of cancellation
 s - a potion of degeneration {unknown}
Comestibles
 a - a chunk of flesh
 b - 3 bread rations
 j - 3 meat rations


   Skills:
 + Level 4.6 Fighting
 + Level 2.8 Armour
 + Level 2.6 Dodging
 * Level 5.3 Unarmed Combat


You had 5 spell levels left.
You didn't know any spells.

Dungeon Overview and Level Annotations

Branches:
Dungeon (7/15)
 Temple: D:4-7

Altars:
Ashenzari
Elyvilon
Gozag
Nemelex Xobeh
Xom
Zin
The Shining One

Shops:
D:6 [


Innate Abilities, Weirdness & Mutations

You have large cloven feet.
You are significantly more attuned to the shadows.
Scrolls take you a little longer to read.
Armour fits poorly on your strangely shaped body.
You are dopey. (Int -2)
You are frail. (-10% HP)
Your spells are a little easier to cast, but a little less powerful.


Message History

You hit the orc. Your kick misses the orc.
The orc is severely wounded.
The orc closely misses you.
You hit the orc.
You kill the orc!
You completely miss the orc.
The orc is severely wounded.
The orc hits you with a dagger.
You closely miss the orc. Your kick misses the orc.
The orc is heavily wounded.
The orc hits you with a dagger.
* * * LOW HITPOINT WARNING * * *
You closely miss the orc.
The orc is heavily wounded.
The orc barely misses you.
You hit the orc.
You kill the orc!
The orc priest invokes the aid of Beogh against you.
Beogh smites you!
You die...

#.#
#.#
#_#
#.#
#.#
#.#
#.#
#.#
#@#
#)##
#oo#
##.#
.#
.#
.#
.#


You could see an orc priest and an orc.

Vanquished Creatures
  The ghost of tstbtto the Slasher, an amateur MiFi (D:4)
  A necrophage (D:7)
  2 giant frogs
  A jelly (D:4)
  4 adders
  2 oozes
  2 dart slugs
  A worm (D:2)
  10 giant geckos
  4 orcs
  A ball python (D:2)
  2 giant cockroaches
  7 goblins
  12 hobgoblins
  9 kobolds
  4 bats
  6 giant newts
  6 rats
75 creatures vanquished.

Vanquished Creatures (others)
  An orc wizard (D:4)
  3 orcs (D:4)
4 creatures vanquished.

Grand Total: 79 creatures vanquished

Notes
Turn   | Place    | Note
-------+----------+-------------------------------------------
     0 | D:1      | Liquid the Demonspawn Chaos Knight began the quest for the Orb.
     0 | D:1      | Reached XP level 1. HP: 18/18 MP: 1/1
     1 | D:1      | XOM: silly message
    34 | D:1      | XOM: harmless Conj miscast
   104 | D:1      | XOM: harmless Air miscast
   107 | D:1      | Reached skill level 3 in Unarmed Combat
   142 | D:1      | XOM: divination: detect creatures
   173 | D:1      | Gained mutation: You are slightly more attuned to the shadows. [demonic ancestry]
   173 | D:1      | Reached XP level 2. HP: 12/24 MP: 2/2
   234 | D:1      | XOM: harmless Hex miscast
   271 | D:1      | XOM: noise
   498 | D:1      | Gained mutation: You have large cloven feet. [demonic ancestry]
   498 | D:1      | Reached XP level 3. HP: 18/29 MP: 3/3
   717 | D:2      | Found a shimmering altar of Xom.
   960 | D:2      | Reached skill level 1 in Dodging
  1126 | D:2      | Reached XP level 4. HP: 35/37 MP: 4/4
  1337 | D:2      | Found a white marble altar of Elyvilon.
  1476 | D:3      | Found a shattered altar of Ashenzari.
  1521 | D:3      | Reached skill level 4 in Unarmed Combat
  1543 | D:3      | XOM is BORED!
  1543 | D:3      | XOM: give mutations
  1543 | D:3      | Gained mutation: You are dopey. (Int -2) [Xom's mischief]
  1543 | D:3      | Gained mutation: You tend to lose your temper in combat. [Xom's mischief]
  1543 | D:3      | Gained mutation: You are clumsy. (Dex -2) [Xom's mischief]
  1543 | D:3      | Gained mutation: You are frail. (-10% HP) [Xom's mischief]
  1621 | D:3      | Found an opulent altar of Gozag.
  1622 | D:3      | Found a glowing silver altar of Zin.
  1703 | D:3      | XOM: 4-stop teleportation journey
  1714 | D:3      | XOM: confusion
  1990 | D:3      | XOM: silly message
  2164 | D:3      | Found a glowing golden altar of the Shining One.
  2335 | D:4      | Found a sparkling altar of Nemelex Xobeh.
  2389 | D:4      | Noticed tstbtto's ghost (amateur MiFi)
  2400 | D:4      | XOM: enchant monster (good)
  2411 | D:4      | XOM: butterfly on damage
  2417 | D:4      | Killed tstbtto's ghost
  2417 | D:4      | Gained mutation: You are significantly more attuned to the shadows. [demonic ancestry]
  2417 | D:4      | Reached XP level 5. HP: 30/37 MP: 5/5
  2470 | D:4      | XOM: polymorph worker ant -> jelly
  2474 | D:4      | Reached XP level 6. HP: 11/43 MP: 6/6
  2486 | D:4      | XOM: noise
  2757 | D:4      | XOM: destruction
  2795 | D:4      | You fall through a shaft for 3 floors!
  2804 | D:7      | Reached skill level 5 in Unarmed Combat
  2828 | D:7      | XOM: scenery: create altars
  2831 | D:7      | XOM: summons friendly white imp
  2834 | D:7      | XOM: potion effect (berserk rage)
  2930 | D:6      | Found Sosen's Armour Emporium.
  2951 | D:6      | Gained mutation: Scrolls take you a little longer to read. [potion of mutation]
  2951 | D:6      | Lost mutation: You are clumsy. (Dex -2) [potion of mutation]
  2952 | D:6      | Lost mutation: You tend to lose your temper in combat. [potion of mutation]
  2952 | D:6      | Gained mutation: Armour fits poorly on your strangely shaped body. [potion of mutation]
  2952 | D:6      | Gained mutation: Your spells are a little easier to cast, but a little less powerful. [potion of mutation]
  2972 | D:6      | Bought a +0 cloak for 49 gold pieces
  3096 | D:6      | XOM: scenery: create altars
  3119 | D:6      | Killed from afar by an orc priest

Vault maps used:
D:1:      dpeg_arrival_shelter, roderic_lattice_a, minmay_bisected
D:2:      overflow_temple_1_default, interstate_on_off, elyvilon_altar_4
D:3:      grunt_temple_overflow_gold_and_silver, lemuel_coloured_pillars_altar,
          lemuel_crystal_altar, first_bread, minmay_misc_feat_secret_circle
D:4:      nemelex_xobeh_ov_fountains_minmay, makhleb_altar_promises_db,
          serial_shops, nicolae_shop_crystal
D:6:      lemuel_zombie_altar_kikubaaqudgha, serial_shops, shop
D:7:      uniq_prince_ribbit1

Skill      XL: |  1  2  3  4  5  6 |
---------------+-------------------+-----
Unarmed Combat | 3 4 5 |  5.3
Dodging        | 1 2 |  2.6
Fighting       | 4 |  4.6
Armour         | 2 |  2.8

Action                   |  1- 3 |  4- 6 || total
-------------------------+-------+-------++-------
Melee: Unarmed           |   171 |   186 ||   357
       Kick              |    19 |    41 ||    60
  Use: Scroll            |       |    13 ||    13
       Potion            |       |     4 ||     4
 Stab: Sleeping          |     6 |     3 ||     9
       Paralysed         |       |    10 ||    10
  Eat: Chunk             |     1 |     4 ||     5
       Fruit             |       |     2 ||     2
       Beef jerky        |       |     2 ||     2
Armor: Leather armour    |    50 |    21 ||    71
       Scale mail        |       |    45 ||    45
Dodge: Dodged            |    81 |    81 ||   162
